 Dungeon Crawl Stone Soup version 0.31.0-11-ge490571c62 (webtiles) character file.

Game seed: 7719311015848727798

10 Bravepunisher the Ducker (level 2, -16/16 HPs)
             Began as a Spriggan Monk on Feb 4, 2024.
             Demolished by a sleepcap (21 damage)
             ... on level 4 of the Dungeon.
             The game lasted 00:02:27 (338 turns).

Bravepunisher the Ducker (Spriggan Monk)             Turns: 338, Time: 00:02:28

Health: -16/16     AC:  2    Str: 13    XL:     2   Next: 10%
Magic:  3/3        EV:  4    Int: 11    God:
Gold:   0          SH:  0    Dex: 17    Spells: 1/1 levels left

rFire   . . .        a - +0 short sword
rCold   . . .        (no shield)
rNeg    . . .        b - +0 robe
rPois   .            (helmet restricted)
rElec   .            (no cloak)
rCorr   .            (gloves unavailable)
SInv    +            (boots unavailable)
Will    .....        (no amulet)
Stlth   ++           d - +6 ring of strength
HPRegen 0.22/turn    (no ring)
MPRegen 0.08/turn

%: no passive effects
@: sleeping, very quick
A: very small, no large weapons, unfitting armour, see invisible, speed 3
a: no special abilities


You were on level 4 of the Dungeon.
You visited 1 branch of the dungeon, and saw 5 of its levels.

Inventory:

Hand Weapons
 a - a +0 short sword (weapon)
Armour
 b - a +0 robe (worn)
Jewellery
 d - a +6 ring of strength (left hand)
Potions
 c - a potion of ambrosia
 e - 3 potions of heal wounds {unknown}


   Skills:
 + Level 2.6 Fighting
 - Level 3.2 Short Blades
 * Level 4.6 Dodging


You had one spell level left.
You didn't know any spells.
Your spell library was empty.

Dungeon Overview and Level Annotations

Branches:
Dungeon (5/15)
 Temple: D:4-7

Altars:
Okawaru
The Shining One


Innate Abilities, Weirdness & Mutations

You are very small and have problems with some larger weapons.
You are too small for most types of armour.
You have supernaturally acute eyesight. (SInv)
You cover ground extremely quickly. (Speed+++)


Message History

Things that are here:
a +0 club; a stone; a kobold corpse You open the door.
As you open the door, it creaks loudly!
There is an open door here.
You start waiting.
A quokka is nearby!
You hit the quokka.
The quokka is heavily wounded.
The quokka misses you.
You hit the quokka but do no damage.
The quokka is heavily wounded.
The quokka completely misses you.
You barely miss the quokka.
The quokka is heavily wounded.
The quokka closely misses you.
You hit the quokka but do no damage.
The quokka is moderately wounded.
The quokka completely misses you.
You hit the quokka.
You kill the quokka!
There is an open door here.
You see here a quokka corpse.
The ball python hisses angrily.
The sleepcap closely misses you.
You see here a scroll labelled HAKHIUPACS.
Found a scroll labelled IMA JUTUSM.
Found a stone staircase leading down.
The ball python attacks as it pursues you!
The ball python bites you. The ball python misses you.
You see here a ring of protection from cold.
You open the door. The ball python bites you.
The ball python completely misses you. x3
Found a glowing golden altar of the Shining One.
A hound comes into view.
The sleepcap releases spores at you.
You are engulfed in a cloud of soporific spores!
You fall asleep.
The sleepcap releases spores at you!!
Ouch! That really hurt!
You die...

##....##........#
###.....##........#
........##........#
...>....##........#
........##?.<.#######
..............##.....
..?..................
.........f.....#....
#+####.=.S@..>.# .##
#.....####'##### ..
#.#### ...♣ # h....#
#♣...♣# ..... ##_###
###


You could see a sleepcap, a hound (asleep) and a ball python.

Vanquished Creatures
  An orc (D:3)
  2 ball pythons
  A giant cockroach (D:3)
  A goblin (D:2)
  A quokka (D:4)
  A kobold (D:4)
  2 rats
9 creatures vanquished.

Notes
Turn   | Place    | Note
-------+----------+-------------------------------------------
     0 | D:1      | Bravepunisher the Spriggan Monk began the quest for the
                  | Orb.
     0 | D:1      | Reached XP level 1. HP: 11/11 MP: 2/2
   138 | D:3      | Found an iron altar of Okawaru.
   204 | D:3      | Reached XP level 2. HP: 14/16 MP: 3/3
   251 | D:5      | Entered Level 5 of the Dungeon
   336 | D:4      | Found a glowing golden altar of the Shining One.
   338 | D:4      | Demolished by a sleepcap

Illustrated notes

Levels and vault maps discovered:
D:1:      dpeg_arrival_radiant, layout_basic, serial_park_tiny_1
D:2:      layout_basic, basic_ecumenical_altar, uniq_sigmund
D:3:      layout_loops_corners, mainiacjoe_overflow_boulevard
D:4:      layout_basic, nicolae_kikubaaqudgha_miasma_corner, tso_altar,
          eino_small_chamber_without_monster
D:5:      layout_cave_pools, mainiacjoe_overflow_large_starburst,
          cheibrodos_sewer_entry_sluice, uniq_ijyb

Action                     || total
---------------------------++-------
  Melee: Short sword       ||    34
         Punch             ||     1
   Stab: Sleeping          ||     1
 Armour: Robe              ||    15
  Dodge: Dodged            ||    47
